 Dungeon Crawl Stone Soup version 0.19.3-1-g3169bf9 (webtiles) character file.

24757 Gargoyl the Cleaver (level 13, -1/109 (110) HPs)
             Began as a Ghoul Abyssal Knight on Jan 25, 2017.
             Was a High Priest of Lugonu.
             Slain by an entropy weaver (15 damage)
             ... on level 3 of the Lair of Beasts.
             The game lasted 00:42:53 (14446 turns).

Gargoyl the Cleaver (Ghoul Abyssal Knight)         Turns: 14446, Time: 00:42:54

HP:   -1/109 (110)  AC:  2    Str: 19    XL:     13   Next: 15%
MP:   17/19         EV: 14    Int:  7    God:    Lugonu [*****.]
Gold: 791           SH: 10    Dex: 10    Spells: 0 memorised, 12 levels left

rFire  + + .     SeeInvis .     z - +1 hand axe (elec)
rCold  + . .     Gourm    .     S - +10 plate armour of Decompression {rF++}
rNeg   + + +     Faith    .     v - +2 buckler
rPois  ∞         Spirit   .     o - +1 helmet of the Moon {rN+}
rElec  .         Reflect  +     Q - +2 cloak
rCorr  .         Harm     .     q - +2 pair of gloves
MR     .....                    I - +0 pair of boots
Stlth  ..........               x - +3 amulet of reflection
                                s - +3 ring of protection
                                F - +6 ring of evasion

@: corroded, rotting
A: rotting body, claws 1, carnivore 3, cold resistance 1, negative energy
resistance 3, slow regeneration 1, torment resistance, unbreathing
a: Depart the Abyss, Bend Space, Banish, Corrupt, Enter the Abyss, Renounce
Religion


You were on level 3 of the Lair of Beasts.
You worshipped Lugonu.
Lugonu was extremely pleased with you.
You were not hungry.

You visited 2 branches of the dungeon, and saw 15 of its levels.
You visited the Abyss 1 time.
You also visited: Sewer.

You collected 791 gold pieces.

Inventory:

Hand Weapons
 k - a +0 war axe of protection
 z - a +1 hand axe of electrocution (weapon)
 P - a +0 war axe
Missiles
 A - 3 tomahawks (quivered)
Armour
 o - the +1 helmet of the Moon (worn) {rN+}
   (You acquired it on level 3 of the Lair of Beasts)

   It protects you from negative energy.
 q - a +2 pair of gloves (worn)
 v - a +2 buckler (worn)
 D - a +0 plate armour of cold resistance
 I - a +0 pair of boots (worn)
 Q - a +2 cloak (worn)
 S - the +10 plate armour of Decompression (worn) {rF++}
   (You found it on level 2 of the Lair of Beasts)

   It greatly protects you from fire.
Jewellery
 a - an uncursed ring of protection from fire
 e - an uncursed ring of fire
 g - an uncursed amulet of regeneration
 s - a +3 ring of protection (right hand)
 x - a +3 amulet of reflection (around neck)
 F - a +6 ring of evasion (left hand)
 N - an uncursed ring of magical power
 R - an uncursed ring of stealth {unknown}
Wands
 d - a wand of random effects (7/48)
 n - a wand of iceblast (2/15)
 r - a wand of acid (8/15)
 t - a wand of flame (25/48)
 u - a wand of random effects (48/48)
 C - a wand of acid (0/15)
 E - a wand of lightning (7/15)
 J - a wand of acid (0/15)
 K - a wand of acid (6/15)
 O - a wand of flame (37/48)
Scrolls
 i - a scroll of recharging
 j - 5 scrolls of remove curse
 m - 2 scrolls of identify
 p - 6 scrolls of teleportation
 y - a scroll of magic mapping
 H - 2 scrolls of fog
Potions
 b - 3 potions of haste
 f - 4 potions of resistance
 h - 6 potions of flight
 l - 4 potions of curing
 w - a potion of agility
 B - a potion of brilliance
Books
 G - a book of Summonings

   Spells                             Type                      Level
   a - Recall                         Summoning/Translocation      3
   b - Aura of Abjuration             Summoning                    5
   c - Summon Demon                   Summoning                    5
   d - Summon Forest                  Summoning/Translocation      5
   e - Summon Mana Viper              Hexes/Summoning              5
   f - Shadow Creatures               Summoning                    6
Comestibles
 c - 10 meat rations
 M - 11 chunks of flesh


   Skills:
 + Level 8.9 Fighting
 + Level 11.6 Axes
 + Level 0.6 Throwing
 * Level 9.8 Armour
 + Level 5.3 Dodging
 + Level 5.8 Shields
 * Level 10.0 Invocations
 + Level 0.5 Evocations


You had 12 spell levels left.
You didn't know any spells.

Dungeon Overview and Level Annotations

Branches:
Dungeon (11/15)            Temple (0/1) D:4            Lair (4/6) D:11
 Shoals (0/4) Lair:2          Orc (0/2) D:11
  Snake: Lair:2-4    Spider: Lair:2-4

Altars:
Dithmenos
Gozag
Kikubaaqudgha
Makhleb
Nemelex Xobeh
Ru
Sif Muna
Trog
Xom

Shops:
D:10 *

Annotations:
Lair:3 corrupted


Innate Abilities, Weirdness & Mutations

Your body is rotting away.
You thrive on raw meat.
You are immune to poison.
You have sharp fingernails.
You are carnivorous and can eat meat at any time.
Your flesh is cold resistant. (rC+)
You are immune to negative energy. (rN+++)
You regenerate slowly when monsters are visible.
You are immune to unholy pain and torment.
You can survive without breathing.


Message History

You block the entropy weaver's attack.
You closely miss the entropy weaver.
The entropy weaver is lightly wounded.
You hit the plant but do no damage.
The entropy weaver gestures wildly while chanting.
The entropic weave corrodes you!
You hit the entropy weaver but do no damage.
There is a sudden explosion of sparks!
The entropy weaver is moderately wounded.
You hit the plant but do no damage.
There is a sudden explosion of sparks!
The entropy weaver casts a spell.
The entropic weave corrodes you!
You closely miss the entropy weaver.
The entropy weaver is moderately wounded.
You hit the plant but do no damage. The entropy weaver hits you!
* * * LOW HITPOINT WARNING * * *
The entropy weaver hits you.
* * * LOW HITPOINT WARNING * * *
You block the entropy weaver's attack. The entropy weaver hits you!
You die...

#...#..##..............# ##..P##.
...###.##.##P.......#..###...###.
###.#..#######.#.#..##...##..P.##
# #.##.### #..###...............
######...# ##.#PP..............#
##..##.#.# ##..P÷..##..#......#
..#.###..# #..##.#.######....#
....##.#.## #..a#......# #.....
##....#...# #P@....#P..# #.....
.#..#.##.## ####...#...# ##...#
.#.....#..# #...###.# ##..#
.........## #...##..## ##...
.........## ##..##P.P###...#
.#..#...#.# ####..^.##.........
....#.##..# ##..##...##.###P....
......#..## #.......P#### ###...
.##..##### #..###..## ##.#


You could see an entropy weaver.

Vanquished Creatures
  The ghost of baruk the Transmogrifier, a journeyman DrTm of Sif Muna (Lair:2)
  The ghost of Naow the Severer, a novice MiBe of Trog (D:9)
  3 hill giants (D:11)
  An ugly thing (D:11)
  A cyclops (D:11)
  9 elephants
  5 spiny frogs
  A black mamba (Lair:1)
  Joseph (Lair:1)
  A komodo dragon (Lair:3)
  A troll (D:11)
  A two-headed ogre (D:11)
  A hippogriff (Lair:1)
  A snapping turtle (Lair:2)
  30 yaks
  Grum (D:8)
  A spriggan (D:8)
  3 basilisks
  Eustachio (D:5)
  4 hungry ghosts
  2 steam dragons (D:9)
  2 hell hounds (D:11)
  8 water moccasins
  Duvessa (D:7)
  5 porcupines
  4 soldier ants (Lair:4)
  4 orc warriors
  2 ice beasts
  A black bear (D:9)
  A sky beast (D:9)
  5 ogres
  4 wolves (D:8)
  2 centaurs (D:8)
  4 phantoms
  An eye of draining (D:8)
  4 crocodiles
  5 big kobolds
  A gnoll sergeant (D:11)
  13 bullfrogs
  Dowan (D:7)
  6 scorpions
  3 killer bees (D:11)
  4 howler monkeys
  4 electric eels
  3 crimson imps
  A centaur zombie (D:5)
  8 orc priests
  7 hounds
  2 centaur skeletons
  Crazy Yiuf (D:7)
  A bullfrog skeleton (D:8)
  8 iguanas
  2 orc wizards (D:11)
  8 worker ants
  6 ogre zombies (D:11)
  A hound skeleton (D:11)
  A howler monkey zombie (D:7)
  A worker ant zombie (D:9)
  4 gnolls (D:11)
  15 adders
  A river rat (Sewer)
  3 shadow imps
  10 oozes
  2 adder skeletons
  6 worms
  A dart slug (D:1)
  10 leopard geckos
  30 orcs
  8 giant cockroaches
  8 goblins
  9 hobgoblins
  10 jackals
  2 quokkas
  2 ball pythons
  8 bats
  6 frilled lizards
  A giant cockroach zombie (D:6)
  3 goblin zombies (D:11)
  2 hobgoblin zombies (D:11)
  A jackal skeleton (D:6)
  22 kobolds
  A leopard gecko skeleton (D:4)
  A leopard gecko zombie (D:8)
  3 orc skeletons (D:11)
  11 orc zombies (D:11)
  9 rats
  7 fungi
  5 plants
406 creatures vanquished.

Vanquished Creatures (others)
  A hydra (Lair:3)
  An unseen horror (D:10)
  2 oklob plants
  An ugly thing (D:11)
  An electric eel (D:10)
  4 fungi (Lair:3)
  7 plants (Lair:3)
  4 starspawn tentacles (Lair:3)
21 creatures vanquished.

Grand Total: 427 creatures vanquished

Notes
Turn   | Place    | Note
-------+----------+-------------------------------------------
     0 | Abyss:1  | Gargoyl the Ghoul Abyssal Knight began the quest for the Orb.
     0 | Abyss:1  | Reached XP level 1. HP: 19/19 MP: 1/1
    40 | Abyss:2  | Noticed a glowing orange brain
    56 | Abyss:2  | Noticed a sky beast
    64 | D:1      | Escaped the Abyss
   248 | D:1      | Reached * piety under Lugonu
   248 | D:1      | Reached XP level 2. HP: 23/26 MP: 2/2
   335 | D:1      | Reached skill level 2 in Axes
   689 | D:1      | Reached XP level 3. HP: 33/33 MP: 3/3
  1046 | D:2      | Reached skill level 1 in Dodging
  1178 | D:2      | Reached XP level 4. HP: 40/40 MP: 4/4
  1901 | D:3      | Reached ** piety under Lugonu
  2033 | D:3      | Reached XP level 5. HP: 45/46 MP: 6/6
  2104 | D:3      | Reached skill level 3 in Axes
  2740 | D:4      | Found a sacrificial altar of Ru.
  2741 | D:4      | Found a shimmering altar of Xom.
  2743 | D:4      | Found an ancient bone altar of Kikubaaqudgha.
  2745 | D:4      | Found a shadowy altar of Dithmenos.
  2745 | D:4      | Found a bloodstained altar of Trog.
  2746 | D:4      | Found a burning altar of Makhleb.
  2746 | D:4      | Found a shimmering altar of Xom.
  2746 | D:4      | Found a shimmering altar of Xom.
  2794 | D:4      | Found an opulent altar of Gozag.
  2794 | D:4      | Found a shadowy altar of Dithmenos.
  2795 | D:4      | Found a burning altar of Makhleb.
  2795 | D:4      | Found an ancient bone altar of Kikubaaqudgha.
  2835 | D:4      | Found a sparkling altar of Nemelex Xobeh.
  2835 | D:4      | Found a sparkling altar of Nemelex Xobeh.
  2845 | D:4      | Found a shimmering altar of Xom.
  2846 | D:4      | Found a staircase to the Ecumenical Temple.
  2849 | D:4      | Found a deep blue altar of Sif Muna.
  3291 | D:5      | Entered Level 5 of the Dungeon
  3319 | D:5      | Reached XP level 6. HP: 46/51 MP: 7/7
  3408 | D:5      | Got a transparent amber ring
  3413 | D:5      | Identified the ring of Scepticism {*Tele rN+ Str+3 Dex+2 SInv} (You found it on level 5 of the Dungeon)
  3465 | D:5      | Found a glowing drain.
  3474 | Sewer    | Entered a sewer
  3890 | Sewer    | Reached skill level 4 in Axes
  3890 | Sewer    | Reached XP level 7. HP: 59/59 MP: 8/8
  4156 | D:5      | Reached *** piety under Lugonu
  4435 | D:5      | Noticed Eustachio
  4446 | D:5      | Reached skill level 5 in Axes
  4500 | D:5      | Killed Eustachio
  5012 | D:5      | Reached XP level 8. HP: 66/66 MP: 10/10
  5275 | D:6      | Reached skill level 5 in Invocations
  5321 | D:6      | Reached skill level 6 in Axes
  5621 | D:6      | Reached skill level 5 in Fighting
  6287 | D:7      | Reached skill level 5 in Armour
  6301 | D:7      | Noticed Duvessa
  6302 | D:7      | Noticed Dowan
  6321 | D:7      | Killed Duvessa
  6321 | D:7      | Reached XP level 9. HP: 46/74 MP: 12/12
  6323 | D:7      | Killed Dowan
  6389 | D:7      | Reached **** piety under Lugonu
  6651 | D:7      | Reached skill level 7 in Axes
  6871 | D:7      | Found a runed door.
  6875 | D:7      | Noticed Crazy Yiuf
  6878 | D:7      | Killed Crazy Yiuf
  7391 | D:9      | Reached skill level 1 in Shields
  7600 | D:9      | Noticed Naow's ghost (novice MiBe)
  7778 | D:9      | Killed Naow's ghost
  7778 | D:9      | Reached skill level 8 in Axes
  7778 | D:9      | Reached XP level 10. HP: 37/83 MP: 12/14
  8064 | D:8      | Reached ***** piety under Lugonu
  8306 | D:8      | Noticed Grum
  8340 | D:8      | Killed Grum
  9152 | D:10     | Entered Level 10 of the Dungeon
  9343 | D:10     | Reached skill level 9 in Axes
  9374 | D:10     | Banished an unseen horror
  9408 | D:10     | Found Efroh Jirra's General Store.
  9841 | D:11     | Reached XP level 11. HP: 87/91 MP: 16/16
  9915 | D:11     | Found a staircase to the Orcish Mines.
  9973 | D:11     | Noticed a hill giant
 10004 | D:11     | Killed a hill giant
 10196 | D:11     | Noticed a hill giant
 10209 | D:11     | Killed a hill giant
 10375 | D:11     | Noticed a cyan ugly thing
 10384 | D:11     | Banished a cyan ugly thing
 10605 | D:11     | Noticed a green ugly thing
 10632 | D:11     | Killed a green ugly thing
 10844 | D:11     | Found a staircase to the Lair.
 10963 | D:11     | Noticed a hill giant
 10967 | D:11     | Noticed a cyclops
 10989 | D:11     | Killed a hill giant
 10994 | D:11     | Killed a cyclops
 11100 | D:11     | Reached skill level 10 in Axes
 11187 | D:11     | Reached ****** piety under Lugonu
 11589 | Lair:1   | Entered Level 1 of the Lair of Beasts
 11688 | Lair:1   | Reached XP level 12. HP: 99/101 MP: 17/17
 12026 | Lair:1   | Noticed Joseph
 12041 | Lair:1   | Killed Joseph
 12631 | Lair:2   | Reached skill level 5 in Dodging
 12651 | Lair:2   | Noticed baruk's ghost (journeyman DrTm)
 12723 | Lair:2   | Reached skill level 11 in Axes
 12812 | Lair:2   | Killed baruk's ghost
 12812 | Lair:2   | Reached skill level 5 in Shields
 12935 | Lair:2   | Got an encrusted plate armour
 12943 | Lair:2   | Identified the +10 plate armour of Decompression {rF++} (You found it on level 2 of the Lair of Beasts)
 13371 | Lair:2   | Found a staircase to the Shoals.
 13666 | Lair:3   | Noticed a five-headed hydra
 13671 | Lair:3   | Corrupted Lair:3
 13671 | Lair:3   | Noticed a red draconian scorcher
 13671 | Lair:3   | Noticed a thrashing horror
 13671 | Lair:3   | Noticed a great orb of eyes
 13671 | Lair:3   | Noticed a blizzard demon
 13671 | Lair:3   | Noticed a thrashing horror
 13671 | Lair:3   | Noticed a tentacled starspawn
 13671 | Lair:3   | Noticed a starcursed mass
 13671 | Lair:3   | Noticed a starcursed mass
 13673 | Lair:3   | Killed a five-headed hydra
 13674 | Lair:3   | Noticed a tentacled starspawn
 13676 | Lair:3   | Noticed a purple very ugly thing
 13679 | Lair:3   | Noticed a white draconian
 13680 | Lair:3   | Noticed a starcursed mass
 13720 | Lair:3   | Found a shimmering altar of Xom.
 13738 | Lair:3   | Noticed a tentacled starspawn
 13742 | Lair:3   | Identified a scroll of acquirement
 13743 | Lair:3   | Got an ancient helmet
 13750 | Lair:3   | Noticed a rakshasa
 13754 | Lair:3   | Identified the +1 helmet of the Moon {rN+} (You acquired it on level 3 of the Lair of Beasts)
 13763 | Lair:3   | Noticed a starcursed mass
 14151 | Lair:3   | Reached XP level 13. HP: 100/108 MP: 19/19
 14308 | Lair:4   | Reached skill level 10 in Invocations
 14399 | Lair:4   | Noticed an entropy weaver
 14446 | Lair:3   | Slain by an entropy weaver

Skill      XL: |  1  2  3  4  5  6  7  8  9 10 11 12 13 |
---------------+----------------------------------------+-----
Axes           | 2 3 4 5 6 8 9 10 11 | 11.6
Armour         | 2 3 4 5 6 7 8 9 |  9.8
Dodging        | 1 2 3 4 5 |  5.3
Invocations    | 3 4 5 7 8 9 10 | 10.0
Fighting       | 4 5 6 7 8 |  8.9
Shields        | 1 2 4 5 |  5.8
Throwing       | |  0.6
Evocations     | |  0.5

Action                   |  1- 3 |  4- 6 |  7- 9 | 10-12 | 13-15 || total
-------------------------+-------+-------+-------+-------+-------++-------
Melee: Hand axe          |   125 |   140 |       |   581 |    89 ||   935
       Whip              |     1 |       |       |       |       ||     1
       War axe           |       |   145 |   626 |   530 |       ||  1301
Throw: Tomahawk          |       |       |       |     5 |       ||     5
Invok: Depart the Abyss  |     1 |       |       |       |       ||     1
       Banish            |       |       |       |     5 |     1 ||     6
       Corrupt           |       |       |       |     1 |       ||     1
       Bend Space        |       |       |       |       |     1 ||     1
Evoke: Wand              |       |       |     5 |     1 |       ||     6
  Use: Scroll            |       |    11 |     8 |    17 |       ||    36
       Potion            |       |     5 |    10 |     2 |       ||    17
  Eat: Chunk             |     7 |    13 |    40 |   102 |     7 ||   169
Armor: Fire dragon scale |    67 |   153 |   386 |   351 |       ||   957
       Plate armour      |       |       |       |    56 |    50 ||   106
Dodge: Dodged            |    49 |   145 |   514 |   646 |    63 ||  1417
Block: Buckler           |       |       |    71 |   430 |    50 ||   551
       Reflection        |       |       |       |     5 |       ||     5
